[Event "*** Titled Tuesday Blitz"]
[Site "Chess.com"]
[Date "2020.10.27"]
[Round "10"]
[White "svilson23"]
[Black "oogee"]
[Result "1-0"]
[WhiteElo "2393"]
[BlackElo "2216"]
[TimeControl "180+1"]
[EndTime "11:54:34 PDT"]
[Termination "svilson23 won by resignation"]

1. e4 c5 2. Nf3 d6 3. Bb5+ Bd7 4. Bxd7+ Qxd7 5. c4 Nf6 6. Nc3 g6 7. d4 cxd4 8. Nxd4 Bg7 9. f3 O-O 10. Be3 Nc6 11. O-O Rfc8 12. b3 Qc7 13. Qd2 Qa5 14. Rfd1 Nd7 15. Nde2 Nce5 16. Rab1 Nxf3+ 17. gxf3 Qh5 18. Kg2 Ne5 19. Rf1 f5 20. Ng3 Qh4 21. Bg5 Nxf3 22.
Rxf3 Qg4 23. h3 fxe4 24. hxg4 exf3+ 25. Kf2 Rc5 26. Nd5 e6 27. Ne4 1-0

[Event "*** Titled Tuesday Blitz"]
[Site "Chess.com"]
[Date "2020.10.27"]
[Round "10"]
[White "amintabatabaei"]
[Black "Funo09"]
[Result "1-0"]
[WhiteElo "2903"]
[BlackElo "2808"]
[TimeControl "180+1"]
[EndTime "11:54:36 PDT"]
[Termination "amintabatabaei won by resignation"]

1. b3 e5 2. Bb2 Nc6 3. e3 Nf6 4. Nc3 a6 5. d4 exd4 6. exd4 d5 7. Qd2 Bb4 8. f3 O-O 9. O-O-O b5 10. g4 Qd6 11. Kb1 Rb8 12. h4 a5 13. Qh2 Qxh2 14. Rxh2 Bd6 15. Rg2 b4 16. Nb5 Re8 17. Nxd6 cxd6 18.
Nh3 h5 19. Nf2 hxg4 20. fxg4 a4 21. bxa4 Na5 22. Bb5 Bd7 23. g5 Ne4 24. Bxd7 Nc3+ 25. Bxc3 bxc3+ 26. Bb5 Nc4 27. Kc1 Na3 28. Rg3 Rec8 29.
Rdd3 1-0

[Event "*** Titled Tuesday Blitz"]
[Site "Chess.com"]
[Date "2020.10.27"]
[Round "10"]
[White "TigrVShlyape"]
[Black "Karateloru"]
[Result "1-0"]
[WhiteElo "2896"]
[BlackElo "2688"]
[TimeControl "180+1"]
[EndTime "11:54:36 PDT"]
[Termination "TigrVShlyape won by resignation"]

1. d4 e6 2. Nf3 d5 3. Bf4 c5 4.
e3 Nc6 5. c3 Bd6 6. Bg3 Nf6 7.
Nbd2 Qe7 8. Ne5 Bxe5 9. dxe5 Nd7 10. Bb5 O-O 11. Bxc6 bxc6 12. c4 Rb8 13. b3 a5 14. O-O Ba6 15. Qc2 Rb4 16. e4 d4 17.
Nf3 Rfb8 18. Rfd1 a4 19. Rd3 Qd8 20. Nd2 Qa5 21. Qd1 Bb7 22. h4 Ra8 23. Rc1 axb3 24. axb3 Qa2 25. h5 h6 26. Bf4 Kf8 27. Rg3 Qb2 28. Rb1 Qa2 29. Qg4 Ke8 30. Qxg7 Kd8 31. Qxf7 Kc7 32. Rg7 Bc8 33. Qxe6 Kb6 34. Qd6 Ka6 35. e6 Nb6 36. Qxc5 Qa5 37. Qxa5+ 1-0

[Event "*** Titled Tuesday Blitz"]
[Site "Chess.com"]
[Date "2020.10.27"]
[Round "10"]
[White "MasterKroket"]
[Black "queen_iryna"]
[Result "1-0"]
[WhiteElo "2423"]
[BlackElo "2304"]
[TimeControl "180+1"]
[EndTime "11:54:39 PDT"]
[Termination "MasterKroket won on time"]

1. d4 d6 2. c4 e5 3. e3 Nd7 4. Nc3 g6 5. Nf3 Bg7 6. Be2 f5 7. dxe5 dxe5 8. O-O Ngf6 9. e4 f4 10. c5 O-O 11. Bc4+ Kh8 12. Ng5 Qe7 13. b4 h6 14.
Ne6 c6 15. Nxf8 Qxf8 16. Bb2 Qe8 17. Qe2 Nf8 18. Rfd1 f3 19. Qxf3 Bg4 20. Qd3 Bxd1 21. Rxd1 Ne6 22. g3 Rd8 23. Qf1 Nd4 24. Kg2 1-0

[Event "*** Titled Tuesday Blitz"]
[Site "Chess.com"]
[Date "2020.10.27"]
[Round "10"]
[White "Shahinyan_ChessMood"]
[Black "jacky72"]
[Result "1-0"]
[WhiteElo "2751"]
[BlackElo "2516"]
[TimeControl "180+1"]
[EndTime "11:54:41 PDT"]
[Termination "Shahinyan_ChessMood won by resignation"]

1. e4 e5 2. Nf3 Nc6 3. d4 exd4 4. Nxd4 Nf6 5. Nc3 Bb4 6. Nxc6 bxc6 7. Bd3 d5 8. Bd2 O-O 9. O-O Bxc3 10. Bxc3 Nxe4 11. Bxe4 dxe4 12. Qh5 Qd5 13. Qh4 Bf5 14. Rad1 Qe6 15. Qg3 Qg6 16. Qxc7 Bh3 17. Qg3 Qxg3 18. hxg3 Be6 19. Ba5 Rab8 20. b3 Rb5 21. Bc7 Rc8 22. c4 Rb7 23. Ba5 Rd7 24. Rxd7 Bxd7 25. Rd1 Be6 26. Kf1 f5 27. Ke2 Kf7 28. Ke3 g5 29. Kd4 Kf6 30. Kc5 h5 31. Bd8+ Kf7 32. Bxg5 Rg8 33.
Bf4 h4 34. Kxc6 hxg3 35. fxg3 Rh8 36. Kb7 Rh2 37. Rd2 a5 38. c5 Rh1 39. c6 Rc1 40.
Rd7+ Bxd7 41. Bxc1 Be6 42. c7 Kf6 43. Bf4 Bd7 44. Kb6 Ke6 45. Kxa5 Kd5 46. Kb6 Kd4 47.
a4 e3 48. a5 Kd3 49. Bxe3 Kxe3 50. a6 Kf2 51. a7 Kxg3 52. a8=Q f4 53. Qf3+ Kh2 54.
Qxf4+ Kg1 55. Qd4+ Kxg2 56. Qxd7 Kf2 57. c8=Q 1-0

[Event "*** Titled Tuesday Blitz"]
[Site "Chess.com"]
[Date "2020.10.27"]
[Round "10"]
[White "ailime26"]
[Black "Euge_chess"]
[Result "0-1"]
[WhiteElo "1874"]
[BlackElo "2090"]
[TimeControl "180+1"]
[EndTime "11:54:41 PDT"]
[Termination "Euge_chess won by resignation"]

1. e4 e5 2. Nf3 Nc6 3. Nc3 Nf6 4. d4 exd4 5. Nxd4 Bb4 6. Nxc6 bxc6 7. Bd3 O-O 8. O-O d6 9. Qf3 Bg4 10. Qg3 Bh5 11.
Bg5 Qe7 12. f4 Bxc3 13. bxc3 Qe6 14. Rae1 Qg4 15. Bxf6 Qxg3 16. hxg3 gxf6 17. Kf2 Bg4 18. f5 h5 19. Ke3 Kg7 20. Kf4 Rfe8 21. Rh1 d5 22. e5 fxe5+ 23. Rxe5 f6 24. Ree1 Kf7 25. c4 Rad8 26. Rhf1 Kg7 27. Rh1 dxc4 28. Bxc4 Rd4+ 0-1

[Event "*** Titled Tuesday Blitz"]
[Site "Chess.com"]
[Date "2020.10.27"]
[Round "10"]
[White "deep306"]
[Black "Qvalda"]
[Result "1-0"]
[WhiteElo "2581"]
[BlackElo "2389"]
[TimeControl "180+1"]
[EndTime "11:54:44 PDT"]
[Termination "deep306 won by resignation"]

1. e4 g6 2. Nc3 Bg7 3. h4 h5 4. Bc4 d6 5. d3 e6 6. Nf3 a6 7. Bb3 b6 8. Be3 Bb7 9. Qd2 Nd7 10. d4 Ne7 11. Ng5 d5 12. exd5 exd5 13. Ne2 Nf6 14. Nf4 O-O 15. O-O-O a5 16. a4 b5 17. f3 Bc6 18. axb5 Bxb5 19. g4 a4 20. Ba2 a3 21. b3 hxg4 22. h5 Bh6 23. Nxf7 Rxf7 24.
hxg6 Rg7 25. Rxh6 Nf5 26. Ne6 Qe7 27. Nxg7 Qxe3 28. Nxf5 Qxd2+ 29. Kxd2 gxf3 30. Rdh1 Ne4+ 31. Ke3 1-0

[Event "*** Titled Tuesday Blitz"]
[Site "Chess.com"]
[Date "2020.10.27"]
[Round "10"]
[White "bazar-wokzal"]
[Black "GregShahade"]
[Result "1-0"]
[WhiteElo "2510"]
[BlackElo "2625"]
[TimeControl "180+1"]
[EndTime "11:54:45 PDT"]
[Termination "bazar-wokzal won by resignation"]

1. e4 e5 2. Bc4 Nf6 3. d3 Nc6 4.
Nf3 Bc5 5. Bg5 h6 6. Bh4 Be7 7. Nc3 d6 8. h3 Be6 9. Bxf6 Bxf6 10.
Nd5 Bxd5 11. Bxd5 Qd7 12. c3 Ne7 13. Bb3 c6 14. d4 O-O 15. dxe5 Bg5 16. h4 Bf4 17. g3 Bxg3 18. fxg3 Qg4 19. Kf2 d5 20. exd5 cxd5 21. Qd4 Qg6 22. h5 Qe6 23. Rae1 Rfd8 24. Bc2 Kf8 25. Rh4 Nc6 26. Qc5+ Qe7 27. Qxe7+ Nxe7 28. Nd4 Rac8 29. Rf4 Kg8 30. Kg2 Nc6 31. Nxc6 Rxc6 32.
Rd4 Rb6 33. Bb3 g6 34. Red1 gxh5 35. Rxd5 Rxd5 36. Rxd5 a5 37. Rxa5 Kg7 38. Rd5 Kg6 39. Rd6+ 1-0

[Event "*** Titled Tuesday Blitz"]
[Site "Chess.com"]
[Date "2020.10.27"]
[Round "10"]
[White "juancruzarias"]
[Black "olksuna"]
[Result "1-0"]
[WhiteElo "2542"]
[BlackElo "2610"]
[TimeControl "180+1"]
[EndTime "11:54:47 PDT"]
[Termination "juancruzarias won by resignation"]

1. e4 Nf6 2. e5 Nd5 3. c4 Nb6 4. a4 a5 5. c5 Nd5 6. Nc3 e6 7. Nxd5 exd5 8. d4 d6 9. Bb5+ Nc6 10. cxd6 cxd6 11. Nf3 dxe5 12. Nxe5 Bb4+ 13. Bd2 Bxd2+ 14.
Qxd2 O-O 15. Bxc6 bxc6 16. O-O Bb7 17. b4 f6 18. Nf3 Ba6 19. Rfb1 Bc4 20. Qc3 Qb6 21.
Nd2 Qa6 22. h3 Rfb8 23. Rb2 axb4 24. Rxb4 Rxb4 25. Qxb4 Qa5 26. Qb2 h5 27. Qc2 Qb4 28. Nf3 Qb3 29. Qg6 Rxa4 30. Re1 Ra8 31. Re7 Qb1+ 1-0

[Event "*** Titled Tuesday Blitz"]
[Site "Chess.com"]
[Date "2020.10.27"]
[Round "10"]
[White "chesstrainer2042"]
[Black "Flawless_Fighter"]
[Result "0-1"]
[WhiteElo "2415"]
[BlackElo "2604"]
[TimeControl "180+1"]
[EndTime "11:54:48 PDT"]
[Termination "Flawless_Fighter won by resignation"]

1. e4 c6 2. Nc3 d5 3. Nf3 Bg4 4. h3 Bxf3 5. Qxf3 e6 6. g3 Nf6 7. d3 Bb4 8. Bd2 d4 9. Nb1 Bxd2+ 10. Nxd2 c5 11. Bg2 Nc6 12. O-O O-O 13. Qe2 e5 14. f4 Rc8 15. h4 b5 16. Bh3 Rc7 17.
f5 Ne8 18. Qf2 Nd6 19. g4 Nb4 20. Nf3 f6 21. g5 c4 22. a3 Na6 23. Kh1 cxd3 24.
cxd3 Nc5 25. Rad1 a5 26. Rg1 Kh8 27. Rg4 b4 28. axb4 axb4 29. Bf1 b3 30. Be2 Na4 31. Rdg1 Nxb2 32. h5 Rc2 33. Ne1 Nd1 34. Qf3 Ne3 35. Nxc2 bxc2 36. h6 gxh6 37. gxh6 Nxg4 38. Qxg4 Rg8 0-1

[Event "*** Titled Tuesday Blitz"]
[Site "Chess.com"]
[Date "2020.10.27"]
[Round "10"]
[White "ShahMatKanal"]
[Black "dosto07"]
[Result "0-1"]
[WhiteElo "2441"]
[BlackElo "2348"]
[TimeControl "180+1"]
[EndTime "11:54:52 PDT"]
[Termination "dosto07 won by resignation"]

1. c4 e5 2. g3 Nf6 3. Bg2 d5 4.
cxd5 Nxd5 5. Nc3 Nb6 6. Nf3 Nc6 7. a3 Be7 8. b4 O-O 9. b5 Nd4 10. Nxe5 Bf6 11. Nf3 Nxf3+ 12. Bxf3 Bh3 13. Bxb7 Rb8 14. Bc6 Nc4 15. Qa4 Ne5 16. Rg1 Qe7 17. Nd5 Nd3+ 18. Kd1 Nxf2+ 19. Kc2 Qc5+ 20. Nc3 Bf5+ 21. e4 Nxe4 22.
Rf1 Nxc3+ 23. Rxf5 Qxf5+ 24. Be4 Nxe4 0-1

[Event "*** Titled Tuesday Blitz"]
[Site "Chess.com"]
[Date "2020.10.27"]
[Round "10"]
[White "Cambek64"]
[Black "Klavdia_Nik"]
[Result "1-0"]
[WhiteElo "2303"]
[BlackElo "2063"]
[TimeControl "180+1"]
[EndTime "11:54:52 PDT"]
[Termination "Cambek64 won on time"]

1. e4 e6 2. d4 d5 3. Nc3 dxe4 4. Nxe4 Bd7 5. Nf3 Bc6 6. Bd3 Nd7 7. O-O Ngf6 8. Qe2 Be7 9. Rd1 Nxe4 10. Bxe4 Bxe4 11. Qxe4 c6 12. c4 Nf6 13. Qe2 O-O 14. Bf4 Re8 15. Rd3 Qa5 16. b3 Qf5 17. Bg3 Nh5 18.
Ne5 Nxg3 19. Rxg3 g6 20. Rf3 Qh5 21. Nxf7 Bf8 22. Rd1 Bg7 23. h3 Re7 24. Ne5 Rd8 25. g4 Qh4 26. Kg2 h5 27. Nxg6 Qg5 28. Nxe7+ Qxe7 29. Qe4 hxg4 30. hxg4 Qg5 31. Qxe6+ 1-0

[Event "*** Titled Tuesday Blitz"]
[Site "Chess.com"]
[Date "2020.10.27"]
[Round "10"]
[White "maximnovik"]
[Black "Zmof"]
[Result "1-0"]
[WhiteElo "2524"]
[BlackElo "2224"]
[TimeControl "180+1"]
[EndTime "11:54:54 PDT"]
[Termination "maximnovik won by resignation"]

1. d4 Nf6 2. c4 e6 3. Nc3 Bb4 4. e3 O-O 5. Bd3 d5 6. cxd5 exd5 7. Ne2 Re8 8. O-O Bg4 9. f3 Bc8 10. Ng3 c5 11. a3 cxd4 12. axb4 dxc3 13. bxc3 Nc6 14.
e4 dxe4 15. Nxe4 Nxe4 16. Bxe4 Qb6+ 17. Kh1 Be6 18. Qe2 f5 19. Be3 Qc7 20. Bc2 Ne5 21.
Qf2 b6 22. Rfe1 Nc4 23. Bd4 Bd7 24. Qh4 Rxe1+ 25. Rxe1 Re8 26. Rxe8+ Bxe8 27. Bxf5 g6 28. Be4 Qf7 29. Qd8 1-0

[Event "*** Titled Tuesday Blitz"]
[Site "Chess.com"]
[Date "2020.10.27"]
[Round "10"]
[White "andrzej"]
[Black "Yoshikrov"]
[Result "1-0"]
[WhiteElo "2305"]
[BlackElo "2135"]
[TimeControl "180+1"]
[EndTime "11:54:55 PDT"]
[Termination "andrzej won by resignation"]

1. e4 c5 2. Nf3 d6 3. d4 cxd4 4. Nxd4 Nf6 5. Nc3 a6 6. Be3 e5 7. Nf3 Nc6 8. Bc4 Be7 9. O-O O-O 10. Qe2 Be6 11. Bb3 b5 12. Rfd1 Bxb3 13. cxb3 b4 14. Nd5 Nxd5 15. exd5 Nb8 16. Rac1 Nd7 17. Rc4 a5 18.
Rdc1 Bf6 19. Rc6 Qe7 20. Rc7 Qe8 21. Qb5 Rd8 22. Qxa5 e4 23. Nd4 Ne5 24. Nc6 Nd3 25. Rc2 Ra8 26. Ra7 Rxa7 27. Qxa7 Bxb2 28. Bd4 Bxd4 29.
Qxd4 Qd8 30. Nxd8 1-0

[Event "*** Titled Tuesday Blitz"]
[Site "Chess.com"]
[Date "2020.10.27"]
[Round "10"]
[White "mohssenbinaddi"]
[Black "ajedrezhoy"]
[Result "0-1"]
[WhiteElo "2088"]
[BlackElo "2229"]
[TimeControl "180+1"]
[EndTime "11:54:55 PDT"]
[Termination "ajedrezhoy won by resignation"]

1. Nf3 d5 2. g3 Nc6 3. Bg2 e5 4. d4 e4 5. Ne5 Bd6 6. Nxc6 bxc6 7. c4 f5 8. c5 Be7 9. Qa4 Bd7 10. Qa5 Nf6 11. Bf4 O-O 12. Qxc7 Qe8 13. Nc3 Rf7 14. e3 h6 15. Be5 Ng4 16. h3 Bd8 17. Qd6 Nxe5 18. Qxe5 Qxe5 19. dxe5 Bc7 20. Bf1 Bxe5 21. Ba6 Rb8 22. O-O-O g5 23. Kc2 f4 24. gxf4 gxf4 25.
b3 fxe3 26. fxe3 Rf3 27. Nxe4 Bf5 0-1

[Event "*** Titled Tuesday Blitz"]
[Site "Chess.com"]
[Date "2020.10.27"]
[Round "10"]
[White "BJthechessgod"]
[Black "Michaelson_11"]
[Result "1-0"]
[WhiteElo "2298"]
[BlackElo "2130"]
[TimeControl "180+1"]
[EndTime "11:54:56 PDT"]
[Termination "BJthechessgod won by checkmate"]

1. e4 c5 2. Nf3 Nc6 3. d4 cxd4 4. Nxd4 g6 5. Nc3 Bg7 6. Be3 Nf6 7. Bc4 O-O 8. Bb3 Re8 9. f3 e6 10. Qd2 d5 11. exd5 Nxd5 12. Nxd5 exd5 13. O-O-O Qf6 14.
c3 Be6 15. Nxc6 bxc6 16. Bd4 Qe7 17. Bxg7 Kxg7 18. h4 h5 19. g4 hxg4 20. fxg4 Bxg4 21.
Qd4+ Qe5 22. Qxg4 Qe3+ 23. Kb1 Re4 24. Qd7 Re7 25. Qxc6 Rae8 26. Qxd5 Qe2 27. h5 Re6 28. hxg6 fxg6 29. Qd4+ Re5 30. Qh4 R8e7 31. Qh8# 1-0

[Event "*** Titled Tuesday Blitz"]
[Site "Chess.com"]
[Date "2020.10.27"]
[Round "10"]
[White "redbaron8888"]
[Black "Ural_bogatyr"]
[Result "1-0"]
[WhiteElo "2510"]
[BlackElo "2363"]
[TimeControl "180+1"]
[EndTime "11:55:02 PDT"]
[Termination "redbaron8888 won by resignation"]

1. d4 Nf6 2. Bg5 d5 3. Nd2 Nbd7 4. c4 c6 5. Ngf3 e6 6. e3 h6 7.
Bh4 g5 8. Bg3 Ne4 9. Nxe4 dxe4 10.
Nd2 f5 11. Qh5+ Ke7 12. c5 Qe8 13. Qd1 Nf6 14. h4 g4 15. Be5 Bg7 16. Nc4 Nh5 17. Nd6 Qd8 18. g3 Bxe5 19. dxe5 Qa5+ 20. Qd2 Qxc5 21.
Rd1 Qxe5 22. Nc4 Qc5 23. b4 Qb5 24. Qd6+ Kf7 25. Ne5+ Kf6 26. Bxb5 1-0

[Event "*** Titled Tuesday Blitz"]
[Site "Chess.com"]
[Date "2020.10.27"]
[Round "10"]
[White "Vandros57"]
[Black "alexwinter25"]
[Result "0-1"]
[WhiteElo "2206"]
[BlackElo "2328"]
[TimeControl "180+1"]
[EndTime "11:55:03 PDT"]
[Termination "alexwinter25 won by resignation"]

1. d4 Nf6 2. Nf3 e6 3. c4 d5 4. Nc3 c6 5. Bg5 Nbd7 6. e3 Bd6 7.
Bd3 O-O 8. O-O b6 9. e4 dxe4 10.
Nxe4 Be7 11. Rc1 c5 12. dxc5 Nxc5 13. Nxc5 Bxc5 14. Qe2 Bb7 15. Rfd1 Qe7 16. h4 h6 17. Bf4 Ng4 18. Bg3 Qf6 19. Be4 Bxe4 20. Qxe4 h5 21. b3 Rad8 22. Ng5 Bxf2+ 23. Kh1 g6 24. Rxd8 Rxd8 25. Rf1 Bxg3 26. Kg1 Bh2+ 0-1

[Event "*** Titled Tuesday Blitz"]
[Site "Chess.com"]
[Date "2020.10.27"]
[Round "10"]
[White "politeplayer"]
[Black "Fischerev7"]
[Result "0-1"]
[WhiteElo "2229"]
[BlackElo "2427"]
[TimeControl "180+1"]
[EndTime "11:55:08 PDT"]
[Termination "Fischerev7 won by resignation"]

1. e4 c5 2. c3 Nf6 3. e5 Nd5 4. d4 cxd4 5. Nf3 Nc6 6. Bc4 Nb6 7. Bb3 d5 8. exd6 Qxd6 9. Na3 a6 10. O-O d3 11. Bxf7+ Kxf7 12. Qb3+ Nd5 13. Nc4 Qc5 14. Be3 Nxe3 15. Nd6+ Kg6 16. Qf7+ Kh6 17. Ne4 Qf5 18. Qxf5 Nxf5 19. g4 Nd6 20. Ng3 Bxg4 21. Nh4 g5 0-1

[Event "*** Titled Tuesday Blitz"]
[Site "Chess.com"]
[Date "2020.10.27"]
[Round "10"]
[White "Chessalary"]
[Black "silverback96"]
[Result "1-0"]
[WhiteElo "2402"]
[BlackElo "2241"]
[TimeControl "180+1"]
[EndTime "11:55:11 PDT"]
[Termination "Chessalary won by resignation"]

1. e4 e6 2. d4 d5 3. Nd2 Nf6 4. e5 Nfd7 5. Bd3 c5 6. c3 Nc6 7. Ne2 cxd4 8. cxd4 f6 9. exf6 Nxf6 10. O-O Bd6 11.
Nf3 Qc7 12. g3 O-O 13. Bf4 Ne4 14. Rc1 Bxf4 15. Nxf4 Rxf4 16. gxf4 Qxf4 17. Bxe4 Qg4+ 18. Kh1 Qxe4 19. Re1 Qf4 20. Rc3 Bd7 21. Qd2 Rf8 22.
Qxf4 Rxf4 23. Ne5 Be8 24. Nxc6 Bxc6 25. Rxe6 Rxd4 26. Kg2 Rd2 27. Rg3 Rxb2 28. Re7 g6 29.
Rh3 d4+ 30. Kg3 d3 31. Rhxh7 Bd5 32. Rd7 Rb5 33. Rhe7 Kf8 34. Re5 Bc6 35. Rxb5 Bxb5 36. Rd4 Kf7 37. Kf4 Kf6 38. Ke3 g5 39. Rd6+ Kf5 40.
Rd5+ 1-0

[Event "*** Titled Tuesday Blitz"]
[Site "Chess.com"]
[Date "2020.10.27"]
[Round "10"]
[White "ChessQueen"]
[Black "tlomigtlis"]
[Result "1/2-1/2"]
[WhiteElo "2736"]
[BlackElo "2613"]
[TimeControl "180+1"]
[EndTime "11:55:16 PDT"]
[Termination "Game drawn by agreement"]

1. e4 c5 2. c3 d5 3. exd5 Qxd5 4. d4 Nc6 5. Nf3 Bg4 6. Be2 e6 7. h3 Bf5 8. Be3 Nf6 9. c4 Qd7 10. Nc3 O-O-O 11. dxc5 Qxd1+ 12. Rxd1 Rxd1+ 13. Kxd1 Be7 14. Kc1 Ne4 15. Nxe4 Bxe4 16. a3 Bf6 17. Nd2 Bg6 18. Nb3 a5 19. Bf3 Ne5 20. Be2 a4 21. Nd4 Rd8 22. Rd1 h5 23. Nb5 Rxd1+ 24. Kxd1 Nd3 25. Nd6+ Kc7 26. Bxd3 Bxd3 27. Kd2 Bf1 28. Ne8+ Kc6 29.
Nxf6 gxf6 30. g4 h4 31. g5 f5 32. f4 Bxh3 33. Bf2 Bf1 34. Bxh4 Kxc5 35. Kc3 Bxc4 36.
Bf2+ Kd5 37. Bb6 Bb3 38. Bc7 Kc6 39. Be5 Kc5 40. Bc7 Kd5 41. Kb4 Ke4 42. Kc5 Kf3 43. Be5 Kg4 44. Kb6 Bd5 45. Kb5 Bc6+ 46. Kb4 Kh5 47.
b3 axb3 48. Kxb3 Kg6 49. a4 Bd5+ 50. Kb4 Bc6 51. a5 Bg2 52. Kc5 Bf3 53. Kd6 Bg2 54. Kc5 1/2-1/2

[Event "*** Titled Tuesday Blitz"]
[Site "Chess.com"]
[Date "2020.10.27"]
[Round "10"]
[White "Lion-Al-Messi"]
[Black "MrChampion_Coach"]
[Result "1-0"]
[WhiteElo "2540"]
[BlackElo "2429"]
[TimeControl "180+1"]
[EndTime "11:55:18 PDT"]
[Termination "Lion-Al-Messi won on time"]

1. e4 c5 2. Nf3 d6 3. d4 cxd4 4. Nxd4 Nf6 5. Nc3 a6 6. Bg5 e6 7.
Bd3 Nbd7 8. O-O Qa5 9. f4 Qb6 10. Bc4 e5 11. fxe5 dxe5 12. Bxf6 Nxf6 13. Rxf6 Qxf6 14. Nd5 Qd8 15. Nf5 Bxf5 16. exf5 Rc8 17. Bb3 Qg5 18. f6 Bc5+ 19. Kh1 gxf6 20. Qf3 f5 21. Rd1 Rg8 22. g3 Rg6 23. Re1 e4 24. Qc3 Qg4 25. Nf4 Kf8 26. Nxg6+ Qxg6 27. Qh8+ Qg8 28.
Qe5 Qg6 29. Rd1 Re8 30. Qxc5+ Kg8 31. Rd7 Rf8 32. Qe5 Qc6 33. Qd5 Qf6 34. Kg2 Qg6 35.
Qxb7 f4 36. Rxf7 f3+ 37. Rxf3+ Rf7 38. Rxf7 1-0

[Event "*** Titled Tuesday Blitz"]
[Site "Chess.com"]
[Date "2020.10.27"]
[Round "10"]
[White "CakeinSpace2002"]
[Black "AldokhinIvan"]
[Result "0-1"]
[WhiteElo "2351"]
[BlackElo "2560"]
[TimeControl "180+1"]
[EndTime "11:55:19 PDT"]
[Termination "AldokhinIvan won by resignation"]

1. c4 Nf6 2. Nc3 c5 3. g3 g6 4. Bg2 Bg7 5. e3 O-O 6. Nge2 Nc6 7. O-O d6 8. d3 e5 9. a3 Be6 10. b4 Qd7 11. Nd5 cxb4 12. axb4 Bxd5 13. cxd5 Nxb4 14.
e4 Rfc8 15. Ba3 Nc2 16. Ra2 Nxa3 17. Rxa3 b5 18. Ra6 b4 19. Qb3 Qb5 20. Rfa1 Nd7 21. R1a5 Qb8 22. Qa4 Nc5 23. Rxc5 Rxc5 24. Rc6 b3 25.
Rxc5 dxc5 26. Nc3 Qb4 27. Qc6 Rb8 28. d6 Qxc3 29. d7 Rd8 30. Qc8 Bf6 0-1

[Event "*** Titled Tuesday Blitz"]
[Site "Chess.com"]
[Date "2020.10.27"]
[Round "10"]
[White "Kotofeyca"]
[Black "Shuvalov"]
[Result "1-0"]
[WhiteElo "2365"]
[BlackElo "2485"]
[TimeControl "180+1"]
[EndTime "11:55:23 PDT"]
[Termination "Kotofeyca won by checkmate"]

1. d4 Nf6 2. c4 c5 3. Nf3 cxd4 4. Nxd4 e5 5. Nb5 d5 6. cxd5 Bc5 7. d6 O-O 8. Nc7 Ne4 9. e3 Qh4 10. Qc2 Bf5 11. Bd3 Bb4+ 12. Nc3 Nc6 13. Nxa8 Rxa8 14. Bd2 Qxf2+ 15. Kd1 Qxg2 16. Bxe4 Bxe4 17. Qxe4 Qf2 18. Kc2 Bxd6 19. Raf1 Nb4+ 20. Kc1 Nxa2+ 21. Nxa2 Qe2 22.
Qd5 Rc8+ 23. Nc3 Ba3 24. Rxf7 Kh8 25. Rc7 Bxb2+ 26. Kc2 Qg4 27. Rxc8+ Qxc8 28. Kxb2 h6 29. e4 a5 30. Rf1 b5 31. Qxb5 a4 32. Qxa4 Qb8+ 33.
Qb3 Qd8 34. Kc2 Qh4 35. Rf8+ Kh7 36. Qg8+ Kg6 37. Qe6+ Kh7 38. Qf5+ g6 39. Qf7# 1-0

[Event "*** Titled Tuesday Blitz"]
[Site "Chess.com"]
[Date "2020.10.27"]
[Round "10"]
[White "Onischuk_V"]
[Black "Azerichess"]
[Result "0-1"]
[WhiteElo "2823"]
[BlackElo "3001"]
[TimeControl "180+1"]
[EndTime "11:55:24 PDT"]
[Termination "Azerichess won by resignation"]

1. e4 e5 2. Nf3 Nc6 3. Bc4 Bc5 4.
d3 Nf6 5. Nbd2 O-O 6. Bb3 d6 7. c3 Be6 8. Bc2 d5 9. O-O h6 10. h3 Re8 11. exd5 Bxd5 12. Qe2 a5 13. Ne4 Bb6 14. Ba4 Nd7 15. Ng3 Nc5 16. Bc2 Qd7 17. Be3 Ne6 18. Nh4 Nf4 19. Qg4 Qxg4 20. hxg4 Rad8 21.
Bxb6 cxb6 22. Rfe1 g6 23. Ne4 Kg7 24. Rad1 b5 25.
g3 Nh3+ 26. Kg2 Ng5 27. a3 b4 28. axb4 axb4 29. Re2 b3 30. Bb1 Bxe4+ 0-1

[Event "*** Titled Tuesday Blitz"]
[Site "Chess.com"]
[Date "2020.10.27"]
[Round "10"]
[White "TudorAnton"]
[Black "Ze-Pequeno"]
[Result "1/2-1/2"]
[WhiteElo "2481"]
[BlackElo "2322"]
[TimeControl "180+1"]
[EndTime "11:55:24 PDT"]
[Termination "Game drawn by repetition"]

1. c4 Nf6 2. b3 g6 3. Bb2 Bg7 4. e3 O-O 5. h4 h5 6. Qc2 c6 7. Nf3 d5 8. Be2 Bf5 9. d3 Na6 10. a3 dxc4 11. Qxc4 Be6 12. Qc2 Nc7 13. Ng5 Bf5 14.
Nd2 Qd7 15. Ndf3 Ng4 16. Bxg7 Kxg7 17. Qb2+ f6 18. Nd4 e5 19. Nxf5+ Qxf5 20. Ne4 Rad8 21.
O-O-O Qe6 22. Bxg4 Qxg4 23. f3 Qe6 24. g4 Rh8 25. g5 f5 26. Nf6 Kf7 27. f4 exf4 28. exf4 Qd6 29. Rhe1 Qxf4+ 30. Kb1 Qd4 31. Qe2 Qd6 32.
Ka2 Nd5 33. Qb2 Nxf6 34. gxf6 Qxf6 35. Qf2 b6 36. Re3 Rhe8 37. Rde1 Rxe3 38. Qxe3 Qd6 39. Qh6 Rg8 40. Qh7+ Rg7 41. Qh8 Rg8 42. Qh7+ Rg7 43.
Qh8 Rg8 44. Qh7+ 1/2-1/2

[Event "*** Titled Tuesday Blitz"]
[Site "Chess.com"]
[Date "2020.10.27"]
[Round "10"]
[White "Sharpchess22"]
[Black "Chernobay_Artem"]
[Result "1-0"]
[WhiteElo "2773"]
[BlackElo "2622"]
[TimeControl "180+1"]
[EndTime "11:55:25 PDT"]
[Termination "Sharpchess22 won by resignation"]

1. d4 Nf6 2. Nf3 c5 3. c3 e6 4. Bf4 b6 5. e3 Bb7 6. Be2 Be7 7. h3 O-O 8. O-O d6 9. a4 a6 10. Nbd2 Nc6 11. Re1 Nd7 12. Bh2 e5 13. Qb3 Na5 14.
Qc2 exd4 15. exd4 cxd4 16. Nxd4 Ne5 17. Rad1 Bf6 18. Ne4 Bxe4 19. Qxe4 Qd7 20. Nf5 Qc6 21.
Qxc6 Naxc6 22. Rxd6 Rfe8 23. f4 Nc4 24. Rxc6 Nxb2 25.
Kf1 Nxa4 26. c4 Rad8 27. Bg1 Bc3 28. Rb1 g6 29. Ne3 Bd4 30. Rb3 Nc5 31. Ra3 Ne4 32. Bf3 Nd2+ 33. Ke2 Nb1 34. Rd3 Nc3+ 35. Kf1 Bxe3 36.
Rxd8 Rxd8 37. Bxe3 a5 38. Bxb6 Ra8 39. Rc7 Ra6 40.
Rc8+ 1-0

[Event "*** Titled Tuesday Blitz"]
[Site "Chess.com"]
[Date "2020.10.27"]
[Round "10"]
[White "DrMamaliga"]
[Black "Deepweb2020"]
[Result "0-1"]
[WhiteElo "2337"]
[BlackElo "2242"]
[TimeControl "180+1"]
[EndTime "11:55:25 PDT"]
[Termination "Deepweb2020 won by resignation"]

1. c4 Nf6 2. Nf3 e6 3. b3 b6 4.
Bb2 Bb7 5. g3 c5 6. Bg2 Be7 7.
O-O O-O 8. e3 d5 9. Nc3 dxc4 10.
bxc4 Nc6 11. Qe2 Qc7 12. Ne1 Rad8 13. f4 Rd7 14. g4 Rfd8 15. Rd1 Nb4 16. g5 Ne8 17. Nb5 Qb8 18. Rf2 Nxa2 19. Qh5 Nb4 20. d4 cxd4 21. exd4 a6 22. Na3 Bc5 23. Nf3 Bxf3 24.
Rxf3 Bxd4+ 25. Bxd4 Rxd4 26. Rxd4 Rxd4 27. Rh3 Qxf4 28. Qxh7+ Kf8 29. Rf3 Rd1+ 30. Kf2 Nd3+ 0-1

[Event "*** Titled Tuesday Blitz"]
[Site "Chess.com"]
[Date "2020.10.27"]
[Round "10"]
[White "Trickov"]
[Black "poppy73"]
[Result "1-0"]
[WhiteElo "2340"]
[BlackElo "2222"]
[TimeControl "180+1"]
[EndTime "11:55:28 PDT"]
[Termination "Trickov won by resignation"]

1. d4 Nf6 2. Nf3 g6 3. c4 Bg7 4. g3 d6 5. Bg2 O-O 6. Nc3 c6 7. O-O Bf5 8. Nh4 Be6 9. d5 cxd5 10. cxd5 Bd7 11. e4 b5 12. Re1 b4 13. Ne2 a5 14. Nd4 Na6 15. Nhf3 e5 16. dxe6 fxe6 17. e5 dxe5 18. Nxe5 Nd5 19. Nxd7 Bxd4 20. Qxd4 Qxd7 21.
Rxe6 Nac7 22. Re5 Rf5 23. Rxf5 Qxf5 24. Bh6 Qf7 25. Rc1 Rd8 26. Rxc7 Qxc7 27. Bxd5+ Rxd5 28. Qxd5+ Kh8 29. Bf4 1-0